 Dungeon Crawl Stone Soup version 0.28.0-43-g3370ac3207 (webtiles) character file.

Game seed: 14296017691554623464

403 Sonic the Sneak (level 6, -8/27 HPs)
             Began as a Felid Conjurer on Mar 24, 2022.
             Was an Initiate of Yredelemnul.
             Mangled by a +4 broad axe of speed (12 damage)
             ... created by the rancor of the Wu Jian Council
             ... on level 6 of the Dungeon.
             The game lasted 00:51:11 (7571 turns).

Sonic the Sneak (Felid Conjurer)                    Turns: 7571, Time: 00:51:12

Health: -8/27      AC:  2    Str:  5    XL:     6   Next: 55%
Magic:  12/13      EV: 23    Int: 18    God:    Yredelemnul [......]
Gold:   575        SH:  0    Dex: 18    Spells: 3/13 levels left
                                        Lives:  0   Deaths: 2

rFire   + . .      SeeInvis +     - Unarmed
rCold   + . .      Faith    .   (shield unavailable)
rNeg    . . .      Spirit   .   (armour unavailable)
rPois   .          Reflect  .   (helmet unavailable)
rElec   .          Harm     .   (cloak unavailable)
rCorr   +          Rampage  .   (gloves unavailable)
Will    .....                   (boots unavailable)
Stlth   ++++......              b - amulet of regeneration
HPRegen 0.89/turn               n - ring "Zifoer" {rCorr EV+4 Str-2 Dex+2 Stlth+}
MPRegen 0.13/turn               o - ring "Doukhisk" {rF+ rC+ Str+4 Int-4 Dex+2}

@: appendages, quick
A: horns 2, very small, claws 1, fangs 3, see invisible, speed 1, shaggy fur 2,
stealthy paws, no weapons or thrown items, no armour, multi-lived
a: End Transformation, Renounce Religion, Recall Undead Harvest


You were on level 6 of the Dungeon.
You worshipped Yredelemnul.
Yredelemnul was noncommittal.
You had temporarily grown beastly horns.
You visited 1 branch of the dungeon, and saw 6 of its levels.
You also visited: Sewer.

You collected 575 gold pieces.

Inventory:

Jewellery
 b - an amulet of regeneration (around neck)
 e - an amulet of reflection
 g - an amulet of the acrobat
 n - the ring "Zifoer" (left paw) {rCorr EV+4 Str-2 Dex+2 Stlth+}
   (You acquired it on level 4 of the Dungeon)

   [ring of evasion]

   EV:        It affects your evasion (+4).
   Str:       It affects your strength (-2).
   Dex:       It affects your dexterity (+2).
   rCorr:     It protects you from acid and corrosion.
   Stlth:     It makes you more stealthy.
 o - the ring "Doukhisk" (right paw) {rF+ rC+ Str+4 Int-4 Dex+2}
   (You acquired it on level 4 of the Dungeon)

   [ring of protection from fire]

   Str:       It affects your strength (+4).
   Int:       It affects your intelligence (-4).
   Dex:       It affects your dexterity (+2).
   rF:        It protects you from fire.
   rC:        It protects you from cold.
Wands
 l - a wand of charming (8)
Scrolls
 a - 2 scrolls of enchant weapon {unknown}
 d - a scroll of noise {unknown}
 f - 3 scrolls of fog
 m - a scroll of vulnerability
 p - a scroll of summoning {unknown}
Potions
 c - a potion of magic {unknown}
 h - a potion of brilliance {unknown}
 i - a potion of mutation {unknown}
 j - a potion of flight {unknown}


   Skills:
 * Level 2.7 Fighting
 * Level 5.0 Dodging
 * Level 6.4 Stealth
 * Level 3.4 Unarmed Combat
 * Level 4.2 Spellcasting
 * Level 5.3 Conjurations
 * Level 2.4 Hexes
 * Level 2.3 Transmutations
 * Level 1.4 Air Magic
 * Level 1.4 Poison Magic
 * Level 1.5 Invocations
 * Level 1.3 Evocations


You had 3 spell levels left.
You knew the following spells:

 Your Spells              Type           Power      Damage    Failure   Level
a - Spider Form           Tmut/Pois      10%        N/A       21%         3
b - Poisonous Vapours     Pois/Air       18%        N/A       12%         2
c - Beastly Appendage     Tmut           24%        N/A       5%          1
d - Fulminant Prism       Conj/Hex       8%         3d7       28%         4

Your spell library contained the following spells:

 Spells                   Type           Power      Damage    Failure   Level
 Magic Dart               Conj           92%        1d7       1%          1
 Searing Ray              Conj           46%        2d6       2%          2
 Wereblood                Tmut           12%        N/A       9%          2
 Dazzling Flash           Conj/Hex       34%        N/A       9%          3
 Corpse Rot               Necr/Air       12%        N/A       16%         2
 Iskenderun's Mystic Bla  Conj/Tloc      13%        2d5       43%         4
 Ice Form                 Ice/Tmut       8%         N/A       65%         4
 Polar Vortex             Ice            1%         N/A       100%        9


Dungeon Overview and Level Annotations

Branches:
Dungeon (6/15)             Temple (0/1) D:4           Sewer (visited)

Altars:
Wu Jian
Yredelemnul


Innate Abilities, Weirdness & Mutations

You have temporarily grown beastly horns.
You have sharp claws.
You have razor-sharp teeth.
You have supernaturally acute eyesight. (SInv)
You cover ground quickly. (Speed+)
You are covered in thick fur. (AC +2)
Your paws help you pounce on unaware monsters.
You are incapable of wielding weapons or throwing items.
You cannot wear armour.
You gain extra lives every three experience levels.


Message History

Press: ? - help, Dir - move target, p - +0 great sword of freezing You conjure a prism of explosive energy!
A fulminant prism comes into view.
Your fulminant prism crackles loudly.
Your fulminant prism explodes!
The blast of energy engulfs the +0 great sword of freezing!
You destroy the +0 great sword of freezing!
That felt strangely unrewarding.
The blast of energy engulfs the +1 quarterstaff of freezing!!
You destroy the +1 quarterstaff of freezing!
That felt strangely unrewarding.
You hear an angry hiss.
Found a stone staircase leading up.
An adder comes into view.
There is a stone staircase leading up here.
You climb upwards.
There is a stone staircase leading down here.
There is an open door here.
There is an open door here.
There is an open door here.
There is an open door here.
There is a stone staircase leading down here.
You climb downwards.
There is a stone staircase leading up here.
Casting: Fulminant Prism (potentially lethal; 28% risk of failure)
Confirm with . or Enter, or press ? or * to list all spells.
You grow a pair of large bovine horns.
The +4 broad axe of speed completely misses you.
You scratch the +4 broad axe of speed.
The +4 broad axe of speed is lightly damaged.
The +4 broad axe of speed hits you!
Ouch! That really hurt!
You scratch the +4 broad axe of speed.
Your headbutt misses the +4 broad axe of speed.
The +4 broad axe of speed is moderately damaged.
The +4 broad axe of speed hits you!
* * * LOW HITPOINT WARNING * * *
The +4 broad axe of speed hits you!
You die...
Your body rises from the dead as a mindless zombie.

#####..........#
#......#...
#.........###+##
#......#... #.........#
#......#... #.........+
+......#... #.........#
#......#... #.........#
#......#... #.........#
#......#...
#+##.........##+##
#......#...
.......#######.(@#
#......#... .......#
........# #......#...
.......+ ........#
#......#... .......#
........# +......#...
.......#
#####...##+###......#...
.......# .
#...##...#......#...
.......#
..##...##...#......#...
.......#
............#......+...
)......#
........((Z.#......#...


You could see a +4 broad axe of speed.

Vanquished Creatures
  6 dancing weapons
  An ice beast (D:5)
  An ogre (D:3)
  3 kobold brigands
  A bullfrog (D:6)
  2 scorpions
  A water moccasin skeleton (D:5)
  A centaur zombie (D:6)
  Crazy Yiuf (D:2)
  2 orc priests (D:3)
  4 iguanas
  An orc wizard (D:4)
  Robin (D:2)
  2 gnolls (D:5)
  3 adders
  A river rat (Sewer)
  A white imp (D:5)
  An ufetubus (D:5)
  A worm zombie (D:5)
  5 worms
  A dart slug (D:5)
  7 orcs
  8 endoplasms
  3 giant cockroaches
  13 goblins
  4 hobgoblins
  4 jackals (D:1)
  A quokka (D:2)
  9 ball pythons
  4 bats
  5 frilled lizards
  13 kobolds
  4 rats
115 creatures vanquished.

Vanquished Creatures (collateral kills)
  A centaur zombie (D:6)
  3 dancing weapons (D:5)
  A water moccasin zombie (D:6)
  2 gnolls (D:5)
  An adder (D:5)
8 creatures vanquished.

Vanquished Creatures (others)
  A bullfrog zombie (D:6)
  A scorpion zombie (D:5)
  An adder zombie (D:6)
  A kobold (D:6)
  4 kobold zombies (D:6)
  9 fulminant prisms
  2 plants (D:3)
19 creatures vanquished.

Grand Total: 142 creatures vanquished

Notes
Turn   | Place    | Note
-------+----------+-------------------------------------------
     0 | D:1      | Sonic the Felid Conjurer began the quest for the Orb.
     0 | D:1      | Reached XP level 1. HP: 7/7 MP: 4/4
   177 | D:1      | Reached XP level 2. HP: 11/11 MP: 4/6
   180 | D:1      | Learned a level 2 spell: Searing Ray
   181 | D:1      | Found a faded altar of an unknown god.
   195 | D:1      | Reached skill level 3 in Stealth
   246 | D:1      | Prayed at the altar of an unknown god.
   246 | D:1      | Became a worshipper of the Wu Jian Council
   246 | D:1      | Reached * piety under Wu Jian
   887 | D:2      | Noticed Robin
   891 | D:2      | Reached XP level 3. HP: 14/14 MP: 2/7
   952 | D:2      | Killed Robin
  1141 | D:2      | Found a runed translucent door.
  1142 | D:2      | Noticed Crazy Yiuf
  1245 | D:2      | Reached ** piety under Wu Jian
  1259 | D:2      | Learned a level 3 spell: Spider Form
  1261 | D:2      | Learned a level 1 spell: Beastly Appendage
  1881 | D:2      | Killed Crazy Yiuf
  1882 | D:2      | Reached XP level 4. HP: 18/18 MP: 1/8
  1923 | D:2      | Identified the +4 mace of the Orb {drain, *Rage Str+4
                  | Stlth+}
  2109 | D:3      | Noticed an ogre
  2114 | D:3      | Killed an ogre
  2115 | D:3      | Reached skill level 1 in Fighting
  2115 | D:3      | Reached skill level 4 in Stealth
  2115 | D:3      | Reached skill level 1 in Unarmed Combat
  2115 | D:3      | Reached XP level 5. HP: 22/22 MP: 3/10
  2133 | D:3      | Identified the +2 ring mail of Midnight {Int+5}
  2811 | D:4      | Found a glowing drain.
  2826 | D:4      | Reached skill level 5 in Stealth
  2831 | Sewer    | Entered a sewer
  2836 | Sewer    | Gained mutation: You are covered in thick fur. (AC +2)
                  | [Felid growth]
  2836 | Sewer    | Reached XP level 6. HP: 25/25 MP: 0/11
  2841 | Sewer    | Learned a level 4 spell: Fulminant Prism
  3044 | Sewer    | Reached *** piety under Wu Jian
  3447 | Sewer    | Reached skill level 5 in Conjurations
  3563 | D:4      | Identified 3 scrolls of acquirement
  3564 | D:4      | Acquired the ring "Zifoer" {rCorr EV+4 Str-2 Dex+2 Stlth+}
  3567 | D:4      | Acquired the ring "Doukhisk" {rF+ rC+ Str+4 Int-4 Dex+2}
  3579 | D:4      | Acquired 357 gold pieces
  3618 | D:4      | Reached skill level 1 in Transmutations
  3812 | D:4      | Learned a level 2 spell: Poisonous Vapours
  3994 | D:4      | Reached XP level 7. HP: 22/29 MP: 1/13
  4180 | D:4      | Found a basalt altar of Yredelemnul.
  4188 | D:4      | Fell from the grace of Wu Jian
  4188 | D:4      | Became a worshipper of Yredelemnul the Dark
  4309 | D:4      | Found a staircase to the Ecumenical Temple.
  4584 | D:4      | Noticed a +0 broad axe of flaming
  4584 | D:4      | Noticed a +0 broad axe of flaming
  4584 | D:4      | Noticed a +2 quarterstaff of speed
  4584 | D:4      | Noticed a +4 broad axe of flaming
  4633 | D:3      | Killed a +2 quarterstaff of speed
  4815 | D:4      | Killed a +4 broad axe of flaming
  5128 | D:5      | Entered Level 5 of the Dungeon
  5298 | D:5      | Reached * piety under Yredelemnul
  5394 | D:5      | Got Osoafux's Handbook of Glacial Dark Magic
  5939 | D:5      | Noticed a +3 rapier of freezing
  5939 | D:5      | Noticed a +4 rapier of flaming
  5939 | D:5      | Noticed a +3 great sword of electrocution
  5944 | D:5      | Killed a +3 rapier of freezing
  5945 | D:5      | Killed a +4 rapier of flaming
  5948 | D:5      | Killed a +3 great sword of electrocution
  5996 | D:5      | Reached ** piety under Yredelemnul
  6000 | D:5      | Reached skill level 1 in Hexes
  6665 | D:5      | Noticed a +1 great sword of speed
  6672 | D:5      | HP: 1/30 [+1 great sword of speed[the rancor of the Wu Jian
                  | Council] (18)]
  6673 | D:5      | Killed a +1 great sword of speed
  6888 | D:6      | Reached skill level 1 in Poison Magic
  6916 | D:6      | Reached skill level 6 in Stealth
  6916 | D:6      | Reached skill level 1 in Air Magic
  6916 | D:6      | Reached XP level 8. HP: 31/33 MP: 8/15
  7060 | D:6      | Reached skill level 1 in Invocations
  7096 | D:6      | Reached skill level 1 in Evocations
  7265 | D:6      | Slain by a +4 broad axe of speed
  7266 | D:6      | Reached XP level 7. HP: -3/30 MP: 14/14
  7347 | D:6      | Reached skill level 5 in Dodging
  7375 | D:6      | Noticed a +1 broad axe of electrocution
  7375 | D:6      | Noticed a +1 vorpal broad axe
  7375 | D:6      | Noticed a +3 dire flail of flaming
  7375 | D:6      | Noticed a +3 great sword of freezing
  7379 | D:6      | Slain by a +1 broad axe of electrocution
  7380 | D:6      | Reached XP level 6. HP: -1/27 MP: 13/13
  7468 | D:6      | Noticed a +2 glaive of freezing
  7468 | D:6      | Noticed a +2 glaive of electrocution
  7468 | D:6      | Noticed a +1 quarterstaff of freezing
  7468 | D:6      | Noticed a +0 great sword of freezing
  7482 | D:6      | Killed a +0 great sword of freezing
  7482 | D:6      | Killed a +1 quarterstaff of freezing
  7482 | D:6      | Killed a +2 glaive of freezing
  7571 | D:6      | Mangled by a +4 broad axe of speed

Illustrated notes

Levels and vault maps discovered:
D:1:      scummos_arrival_simple_fountains, layout_basic,
          hellmonk_ecumenical_altar_run_dry, item_on_display_a
D:2:      layout_loops_corners, kennysheep_generic_room_3,
          uniq_crazy_yiuf_cottage, uniq_robin
D:3:      layout_rooms, serial_bayou, serial_bayou_pond_a, serial_bayou_ford_a,
          serial_bayou_lagoon_a, serial_bayou_pond_d, minmay_close_crescents
D:4:      layout_basic, lemuel_coloured_pillars_altar,
          minmay_temple_entry_fiery, cheibrodos_sewer_entry_drain
D:5:      layout_loops_corners
D:6:      layout_gridville

Skill      XL: |  1  2  3  4  5  6  7  8 |
---------------+-------------------------+-----
Stealth        | 3 4 5 6 |  6.4
Conjurations   | 4 5 |  5.3
Dodging        | 3 4 5 |  5.0
Fighting       | 1 2 |  2.7
Unarmed Combat | 1 2 3 |  3.4
Spellcasting   | 3 4 |  4.2
Transmutations | 1 2 |  2.3
Hexes          | 1 2 |  2.4
Poison Magic   | 1 |  1.4
Air Magic      | 1 |  1.4
Invocations    | 1 |  1.5
Evocations     | 1 |  1.3

Action                   |  1- 3 |  4- 6 |  7- 9 || total
-------------------------+-------+-------+-------++-------
Melee: Unarmed           |    52 |    45 |   103 ||   200
       Bite              |     5 |     3 |    15 ||    23
       Headbutt          |       |     1 |    16 ||    17
       Punch             |       |     1 |     4 ||     5
 Cast: Magic Dart        |    11 |       |       ||    11
       Searing Ray       |    25 |    24 |       ||    49
       Spider Form       |       |     6 |     2 ||     8
       Beastly Appendage |       |     5 |     8 ||    13
       Fulminant Prism   |       |     2 |     7 ||     9
       Poisonous Vapours |       |     2 |     3 ||     5
Invok: Whirlwind         |     9 |     6 |       ||    15
       Lunge             |     2 |     4 |     1 ||     7
       Recall Undead Har |       |       |    15 ||    15
Evoke: Wand              |       |     1 |     2 ||     3
  Use: Scroll            |     5 |     7 |     5 ||    17
       Potion            |     2 |     4 |     6 ||    12
 Stab: Sleeping          |     6 |     3 |     7 ||    16
       Invisible         |     2 |       |       ||     2
       Distracted        |       |       |     1 ||     1
Armor: Skin              |     4 |     5 |    10 ||    19
Dodge: Dodged            |    32 |    34 |    94 ||   160
